 Dungeon Crawl Stone Soup version 0.31.0-11-ge490571c62 (webtiles) character file.

Game seed: 9839286751676896602

112 qw the Shooter (level 4, 0/22 HPs)
             Began as a Spriggan Hunter on Feb 3, 2024.
             Succumbed to their own poison gas
             ... on level 2 of the Dungeon.
             The game lasted 00:00:05 (1725 turns).

qw the Shooter (Spriggan Hunter)                    Turns: 1725, Time: 00:00:06

Health: 0/22       AC:  2    Str:  7    XL:     4   Next: 63%
Magic:  5/5        EV: 20    Int: 10    God:
Gold:   70         SH:  0    Dex: 20    Spells: 3/3 levels left

rFire   . . .        a - +0 shortbow
rCold   . . .        (shield currently unavailable)
rNeg    . . .        c - +0 robe
rPois   .            (helmet restricted)
rElec   .            (no cloak)
rCorr   .            (gloves unavailable)
SInv    +            (boots unavailable)
Will    .....        (no amulet)
Stlth   ++           (no ring)
HPRegen 0.23/turn    (no ring)
MPRegen 0.09/turn

%: no passive effects
@: lethally poisoned (0 -> -5), very quick
A: very small, no large weapons, unfitting armour, see invisible, speed 3
a: no special abilities


You were on level 2 of the Dungeon.
You visited 1 branch of the dungeon, and saw 2 of its levels.

You collected 70 gold pieces.


Innate Abilities, Weirdness & Mutations

You are very small and have problems with some larger weapons.
You are too small for most types of armour.
You have supernaturally acute eyesight. (SInv)
You cover ground extremely quickly. (Speed+++)


   Skills:
 - Level 1.5 Fighting
 - Level 5.2 Ranged Weapons
 + Level 4.7 Dodging
 - Level 1.5 Stealth


You had 3 spell levels left.
You didn't know any spells.
Your spell library was empty.

Inventory:

Hand Weapons
 a - a +0 shortbow (weapon)
Armour
 c - a +0 robe (worn)

Dungeon Overview and Level Annotations

Branches:
Dungeon (2/15)

Altars:
Hepliaklqana


Message History

Done exploring.
1715 ||| READING scroll labelled PYODOCHOPI.
The air fills with toxic fumes!
As you read the scroll labelled PYODOCHOPI, it crumbles to dust.
It was a scroll of poison.
Done exploring.
1716 ||| READING scroll labelled DENKESS VU YMASCH.
As you read the scroll labelled DENKESS VU YMASCH, it crumbles to dust.
You assume a fearsome visage.
Nothing appears to happen.
It was a scroll of fear.
Done exploring.
1717 ||| DROPPING scroll of immolation.
You drop a scroll of immolation.
Done exploring.
What level of the Dungeon? (default 2, ? - help) Sorry, I don't know how to get there.
Enter note:
Enter note:
Enter note:
Enter note:
Enter note:
Enter note: You are engulfed in poison gas.
You are lethally poisoned!
You feel very sick.
1719 ||| Stepping ~*~*~tactically~*~*~ (cloud).
You feel sick.
There is an escape hatch in the floor here.
You see here a scroll of immolation.
There is a lethal amount of poison in your body!
You feel very sick.
There is a lethal amount of poison in your body!
You feel very sick.
There is a lethal amount of poison in your body!
You feel very sick.
There is a lethal amount of poison in your body!
You feel sick.
There is a lethal amount of poison in your body!
You feel sick.
There is a lethal amount of poison in your body!
You die...

###.........%.....##
##..................##
#..##................#
#.####...............#
# ####.#
######..#.......#
####....# ##.##.....##
.<...#### #.##<....##
.##### ###.........#
..## #@##........#
#..### #0##........#
##...# ##¤##.#.....##
###.# #¤0##.##.....#
#.# #0###.######.#
#.## ##0# #.# #.##
#..# #0¤# #.# #..####
##.# ###¤####.#
#.....# #####.# ##...#
#..# ##.....#


There were no monsters in sight!

Vanquished Creatures
  Terence (D:2)
  4 adders (D:2)
  A dart slug (D:1)
  5 ball pythons
  5 bats (D:1)
  6 endoplasms
  5 goblins
  5 hobgoblins
  4 quokkas (D:1)
  A frilled lizard (D:1)
  3 kobolds
  5 rats
45 creatures vanquished.

Notes
Turn   | Place    | Note
-------+----------+-------------------------------------------
     0 | D:1      | qw the Spriggan Hunter began the quest for the Orb.
     0 | D:1      | Reached XP level 1. HP: 10/10 MP: 2/2
     0 | D:1      | 0 ||| qw: Version: 0.3-a-157-g843a77d
     0 | D:1      | 0 ||| qw: Game counter: 3922
     0 | D:1      | 0 ||| qw: Melee chars always use a shield: true
     0 | D:1      | 0 ||| qw: God list: Okawaru
     0 | D:1      | 0 ||| qw: Allow faded altars: false
     0 | D:1      | 0 ||| qw: Do Orc after clearing Dungeon:15 true
     0 | D:1      | 0 ||| qw: Do second Lair branch before Depths: true
     0 | D:1      | 0 ||| qw: Lair rune preference: random
     0 | D:1      | 0 ||| qw: Goals: Normal
     0 | D:1      | 0 ||| PLANNING D:1-11
    33 | D:1      | Reached skill level 3 in Dodging
    90 | D:1      | Reached XP level 2. HP: 13/14 MP: 3/3
   503 | D:1      | Found a faded altar of an unknown god.
   692 | D:1      | Reached XP level 3. HP: 18/18 MP: 4/4
  1009 | D:1      | 1009 ||| READING scroll labelled FEZEXK VAISAEL.
  1009 | D:1      | 1009 ||| ENCHANTING +0 shortbow.
  1010 | D:1      | 1010 ||| READING scroll labelled ISU ORILEDIMI.
  1010 | D:1      | 1010 ||| IDENTIFYING 2 fuming purple potions
  1011 | D:1      | 1011 ||| READING scroll labelled XEOLIN ULUENU.
  1112 | D:1      | 1112 ||| READING scroll labelled FOWIRGH JEPA.
  1113 | D:1      | 1113 ||| DROPPING scroll of butterflies.
  1114 | D:1      | 1114 ||| DROPPING 2 potions of magic.
  1278 | D:2      | Noticed Terence
  1288 | D:2      | Killed Terence
  1289 | D:2      | Reached skill level 5 in Ranged Weapons
  1289 | D:2      | Reached XP level 4. HP: 10/22 MP: 5/5
  1698 | D:2      | Found a hazy altar of Hepliaklqana.
  1710 | D:2      | 1710 ||| READING scroll of identify.
  1710 | D:2      | 1710 ||| IDENTIFYING scroll labelled IMELIS JAESAH
  1711 | D:2      | 1711 ||| READING scroll labelled DUMEFY ADGHU.
  1715 | D:2      | 1715 ||| READING scroll labelled PYODOCHOPI.
  1716 | D:2      | 1716 ||| READING scroll labelled DENKESS VU YMASCH.
  1717 | D:2      | 1717 ||| DROPPING scroll of immolation.
  1719 | D:2      | 1719 ||| Stepping ~*~*~tactically~*~*~ (cloud).
  1722 | D:2      | HP: 3/22 [poisoned by you (poison gas)]
  1724 | D:2      | HP: 1/22 [poisoned by you (poison gas)]
  1725 | D:2      | Succumbed to their own poison gas

Levels and vault maps discovered:
D:1:      wander_arrival_abandoned_jail, layout_basic,
          dreamdust_ecumenical_altar_hidden_monk_grotto
D:2:      layout_rooms, basic_altar, uniq_terence

Skill      XL: |  1  2  3 |
---------------+----------+-----
Dodging        | 3 4 |  4.7
Ranged Weapons | 5 |  5.2
Fighting       | |  1.5
Stealth        | |  1.5

Action                     |  1- 3 |  4- 6 || total
---------------------------+-------+-------++-------
   Fire: Shortbow          |   133 |    48 ||   181
    Use: Scroll            |     4 |     4 ||     8
 Armour: Robe              |    26 |     6 ||    32
  Dodge: Dodged            |    86 |    24 ||   110

Table legend:
 A = Non-vault XP
 B = Vault XP
 C = Vault XP percentage of total XP
 D = Non-vault monster count
 E = Vault monster count
 F = Vault count percentage of total count
                 A         B        C        D         E       F
            +---------+---------+-------+---------+---------+-------
      Total |     122 |      38 |  23.8 |      44 |       1 |   2.2
            +---------+---------+-------+---------+---------+-------
        D:1 |      45 |       0 |   0.0 |      26 |       0 |   0.0
        D:2 |      77 |      38 |  33.0 |      18 |       1 |   5.3
            +---------+---------+-------+---------+---------+-------
